[Event "Titled Tuesday Blitz June 27 Late 2023"]
[White "Martinez Alcantara, Jose Eduardo"]
[Black "Wieczorek, Oskar"]
[WhiteFideId "3805662"]
[BlackFideId "1133950"]
[WhiteElo "3005"]
[BlackElo "2735"]
[Result "1-0"]
[Round "5"]
[TimeControl "180+2"]
[Date "2023.06.27"]
[WhiteClock "0:01:38"]
[BlackClock "0:00:06"]
[Board "13"]

1. e4 c5 2. Nf3 e6 3. c3 d5 4. e5 Bd7 5. d4 a6 6. Bd3 Bb5 7. O-O Bxd3 8. Qxd3 Nc6 9. a3 c4 10. Qc2 Na5 11. Bg5 Be7 12. Bxe7 Nxe7 13. Nbd2 O-O 14. g3 Nc8 15. h4 h6 16. Kh2 b5 17. Rae1 Nc6 18. g4 a5 19. Rg1 N8e7 20. h5 Kh8 21. g5 Nf5 22. Rg4 b4 23. Reg1 bxc3 24. bxc3 Rb8 25. Nf1 Rb3 26. Ne3 Nce7 27. gxh6 gxh6 28. Qd2 Rxa3 29. Nxf5 Nxf5 30. Nh4 Ra2 31. Qf4 Qxh4+ 32. Rxh4 Rb8 33. Rhg4 Re2 34. Qf3 Rbb2 35. Rg8+ Kh7 36. Qxf5+ exf5 37. R1g7# 1-0


[Site "https://www.chess.com"]

[Event "Titled Tuesday Blitz June 27 Late 2023"]
[White "Mikaelyan, Arman"]
[Black "Droin, Augustin"]
[WhiteFideId "13304852"]
[BlackFideId "45105987"]
[WhiteElo "2890"]
[BlackElo "2570"]
[Result "1-0"]
[Round "5"]
[TimeControl "180+2"]
[Date "2023.06.27"]
[WhiteClock "0:00:08"]
[BlackClock "0:00:02"]
[Board "14"]

1. Nf3 d5 2. d4 Nf6 3. c4 e6 4. Nc3 c6 5. e3 Nbd7 6. Qc2 Bd6 7. b3 O-O 8. Be2 b6 9. O-O Bb7 10. Bb2 Qe7 11. Rad1 Rac8 12. Rfe1 c5 13. cxd5 exd5 14. Bf1 Rfd8 15. g3 Nf8 16. Bg2 Ne6 17. dxc5 bxc5 18. Nh4 Bb8 19. Nf5 Qf8 20. Qe2 Rd7 21. Na4 Qd8 22. g4 Qc7 23. Ng3 d4 24. Bxb7 Qxb7 25. exd4 Nf4 26. Qf1 cxd4 27. g5 N6h5 28. Nc5 Qd5 29. Nxd7 Qxd7 30. Rxd4 Qg4 31. f3 Qxg5 32. Rde4 h6 33. Re8+ Rxe8 34. Rxe8+ Kh7 35. Qe1 Nxg3 36. hxg3 Nh3+ 37. Kh2 Qh5 38. Kg2 Ng5 39. Qb1+ g6 40. Rh8# 1-0


[Site "https://www.chess.com"]

[Event "Titled Tuesday Blitz June 27 Late 2023"]
[White "Nihal Sarin"]
[Black "Laurent-Paoli, Pierre"]
[WhiteFideId "25092340"]
[BlackFideId "26017962"]
[WhiteElo "3112"]
[BlackElo "2724"]
[Result "1-0"]
[Round "5"]
[TimeControl "180+2"]
[Date "2023.06.27"]
[WhiteClock "0:00:03"]
[BlackClock "0:00:13"]
[Board "15"]

1. e4 c6 2. Bc4 d5 3. Bb3 e5 4. Nf3 Bd6 5. Nc3 d4 6. Ne2 Nf6 7. d3 c5 8. Ng3 Nc6 9. Ng5 O-O 10. h4 Na5 11. Nf5 Bxf5 12. exf5 b5 13. a4 c4 14. Ba2 a6 15. Bd2 h6 16. Qf3 Re8 17. Ne4 Nxe4 18. Qxe4 Rc8 19. O-O b4 20. dxc4 Nxc4 21. Rad1 Nxb2 22. Rde1 Nxa4 23. g4 Qxh4 24. Qg2 Rxc2 25. Bb3 Rxd2 26. Bxa4 Rc8 27. Bb3 Rc3 28. Bd5 h5 29. gxh5 Qxh5 30. f6 g6 31. Re4 b3 32. Rg4 Kh7 33. Bxf7 Kh8 34. Rxg6 Rc8 35. Rg8+ Kh7 36. Qg7# 1-0


[Site "https://www.chess.com"]

[Event "Titled Tuesday Blitz June 27 Late 2023"]
[White "Barp, Alberto"]
[Black "Pranesh M"]
[WhiteFideId "872555"]
[BlackFideId "35028600"]
[WhiteElo "2720"]
[BlackElo "3022"]
[Result "0-1"]
[Round "5"]
[TimeControl "180+2"]
[Date "2023.06.27"]
[WhiteClock "0:00:04"]
[BlackClock "0:01:14"]
[Board "16"]

1. d4 Nf6 2. c4 b6 3. f3 Nc6 4. Nc3 Bb7 5. e4 e5 6. dxe5 Nxe5 7. Be3 Bb4 8. Qb3 Qe7 9. a3 Bc5 10. Nb5 O-O 11. Nxc7 Rac8 12. Nb5 Bxe4 13. fxe4 Neg4 14. Bxc5 Qxc5 15. Nh3 a6 16. Nc3 Qe3+ 17. Be2 Nxe4 18. Qc2 Nef2 19. Nd5 Qc5 20. Rf1 Nxh3 21. gxh3 Nxh2 22. Rf2 Qxd5 23. cxd5 Rxc2 24. Rxh2 Rxb2 25. Rf2 b5 26. Bg4 Rxf2 27. Kxf2 f5 28. Be2 Rc8 29. Bd3 g6 30. Ke3 Kf7 31. Kd4 Kf6 32. a4 d6 33. axb5 axb5 34. Ra6 Ke7 35. Ra7+ Kf6 36. Rxh7 Ra8 37. Rd7 Ra4+ 38. Kc3 Ke5 39. Bxb5 Rh4 40. Bc6 Rxh3+ 41. Kc4 Rh4+ 42. Kd3 Rh3+ 43. Ke2 g5 44. Re7+ Kd4 45. Bd7 Rh2+ 46. Kf1 f4 47. Rg7 Kxd5 48. Rxg5+ Kd4 49. Bc6 Ke3 50. Rg2 Rh1+ 51. Rg1 Rh7 52. Kg2 f3+ 53. Kf1 Rc7 54. Bxf3 Rc1+ 55. Kg2 Rxg1+ 56. Kxg1 Kxf3 57. Kf1 Ke3 58. Ke1 Kd3 59. Kd1 d5 0-1


[Site "https://www.chess.com"]

[Event "Titled Tuesday Blitz June 27 Late 2023"]
[White "Makridis, Dimitrios"]
[Black "Kamsky, Gata"]
[WhiteFideId "25864475"]
[BlackFideId "2000024"]
[WhiteElo "2717"]
[BlackElo "3020"]
[Result "1-0"]
[Round "5"]
[TimeControl "180+2"]
[Date "2023.06.27"]
[WhiteClock "0:00:03"]
[BlackClock "0:00:00"]
[Board "17"]

1. e4 c5 2. Nf3 Nc6 3. Bb5 g6 4. O-O Bg7 5. c3 Nf6 6. Re1 Qb6 7. Na3 O-O 8. Bf1 d6 9. h3 e5 10. Nc4 Qc7 11. d4 h6 12. d5 Nb8 13. b4 Nbd7 14. a4 b6 15. Nfd2 Nh5 16. b5 a5 17. bxa6 Rxa6 18. Ne3 Ra8 19. Ndc4 Ba6 20. Rb1 Nhf6 21. f3 Nh5 22. Na3 Bxf1 23. Rxf1 Rfd8 24. Nb5 Qb8 25. Nc4 Bf8 26. a5 bxa5 27. Be3 Nb6 28. Nba3 Nxc4 29. Rxb8 Nxe3 30. Rxa8 Rxa8 31. Qa4 Nxf1 32. Kxf1 Rb8 33. Nb5 Be7 34. Qxa5 Rd8 35. Qc7 Kf8 36. c4 Nf4 37. Na7 Ra8 38. Qb7 Re8 39. Nc6 Bh4 40. Nb8 Kg7 41. Kg1 Re7 42. Qb6 Ne2+ 43. Kf1 Ng3+ 44. Kg1 Ne2+ 45. Kh2 Bg3+ 46. Kh1 h5 47. Nc6 Rd7 48. Qb8 f5 49. Nd8 Kh7 50. Ne6 Re7 51. Qf8 Bh4 52. Qb8 fxe4 53. fxe4 Rf7 54. g3 Nxg3+ 55. Kg2 Nxe4 56. Qe8 Rf2+ 57. Kg1 Rf3 58. Qd7+ 1-0


[Site "https://www.chess.com"]

[Event "Titled Tuesday Blitz June 27 Late 2023"]
[White "Grischuk, Alexander"]
[Black "Goltsev, Dmitry"]
[WhiteFideId "4126025"]
[BlackFideId "24176710"]
[WhiteElo "3016"]
[BlackElo "2709"]
[Result "1-0"]
[Round "5"]
[TimeControl "180+2"]
[Date "2023.06.27"]
[WhiteClock "0:00:05"]
[BlackClock "0:00:00"]
[Board "18"]

1. Nf3 d5 2. g3 c6 3. Bg2 Nf6 4. O-O g6 5. d3 Bg7 6. Nbd2 O-O 7. e4 dxe4 8. dxe4 Nbd7 9. Qe2 e5 10. b3 Qc7 11. Ba3 Rd8 12. Nc4 Bf8 13. Bb2 Re8 14. a4 b5 15. Ne3 bxa4 16. Rxa4 Nc5 17. Ra2 Ncxe4 18. Nc4 Be6 19. Ncxe5 Bc5 20. Nd3 Bb6 21. Be5 Qd8 22. Ra4 Bf5 23. h3 Nc3 24. Qd2 Nxa4 25. bxa4 Ne4 26. Qf4 f6 27. Ba1 Qd6 28. Qxd6 Nxd6 29. Bxf6 Ne4 30. Bd4 Rad8 31. Bxb6 axb6 32. g4 Be6 33. Nfe5 Bd5 34. f4 Nd2 35. Ra1 Bxg2 36. Kxg2 c5 37. a5 bxa5 38. Rxa5 c4 39. Nb4 Ne4 40. Kf3 Nf6 41. g5 Nh5 42. Nd5 Rf8 43. Ng4 Rxd5 44. Rxd5 Rxf4+ 45. Ke3 Rf1 46. Rd7 Rh1 47. Nf2 Re1+ 48. Kd2 Re5 49. h4 Nf4 50. Ng4 Nh5 51. Nxe5 Nf4 52. Ng4 1-0


[Site "https://www.chess.com"]

[Event "Titled Tuesday Blitz June 27 Late 2023"]
[White "Mihajlov, Sebastian"]
[Black "He, Anthony"]
[WhiteFideId "1512110"]
[BlackFideId "2088215"]
[WhiteElo "2707"]
[BlackElo "2996"]
[Result "1-0"]
[Round "5"]
[TimeControl "180+2"]
[Date "2023.06.27"]
[WhiteClock "0:00:12"]
[BlackClock "0:00:42"]
[Board "19"]

1. e4 c5 2. Nf3 Nc6 3. d4 cxd4 4. Nxd4 Nf6 5. Nc3 d6 6. Bg5 e6 7. Qd2 a6 8. O-O-O Bd7 9. f4 b5 10. Bxf6 gxf6 11. Kb1 b4 12. Nce2 Qb6 13. Nxc6 Bxc6 14. f5 e5 15. Ng3 h5 16. h4 Qc5 17. Bd3 Bh6 18. Qe2 Ke7 19. Nxh5 Be3 20. g4 a5 21. Rh3 Bd4 22. g5 fxg5 23. hxg5 a4 24. Bc4 Rac8 25. f6+ Kd8 26. g6 Kc7 27. g7 Rhd8 28. Ng3 Bd7 29. Nf5 Kb6 30. Bxf7 Bb5 31. Qd2 Bc3 32. Qe3 Bd4 33. Nxd4 Ka6 34. g8=Q exd4 35. Qd2 Rxg8 36. Bxg8 Rxg8 37. f7 Rf8 38. Qxd4 Qxd4 39. Rxd4 Rxf7 40. Rxd6+ Ka5 41. Kc1 Rf1+ 42. Rd1 Rf2 43. Re3 Bc4 44. b3 axb3 45. axb3 Be6 46. e5 Kb5 47. Rd2 Rf1+ 48. Kb2 Kc5 49. Rd6 Bf5 50. Rd2 Be6 51. Rd6 Bf5 52. Rf6 Rf2 53. Re4 Kd5 54. Rc4 Kxe5 55. Rb6 Be6 56. Rbxb4 Bxc4 57. Rxc4 Kd5 58. Rc8 Kd6 59. b4 Kd7 60. Rc5 Kd6 61. Kb3 Rf1 62. c3 Rh1 63. Ra5 Kc6 64. Rg5 Rh4 65. c4 Kb6 66. Rg6+ Kb7 67. b5 Rh1 68. Kb4 Rh5 69. c5 Rh4+ 70. Ka5 Rh1 71. Rg7+ Kc8 72. Kb6 Rh8 73. c6 Kb8 74. Rb7+ Kc8 75. Ra7 1-0


[Site "https://www.chess.com"]

[Event "Titled Tuesday Blitz June 27 Late 2023"]
[White "Yoo, Christopher Woojin"]
[Black "Fisher_TheGalactic"]
[WhiteFideId "30909694"]
[WhiteElo "2974"]
[BlackElo "2698"]
[Result "1-0"]
[Round "5"]
[TimeControl "180+2"]
[Date "2023.06.27"]
[WhiteClock "0:00:10"]
[BlackClock "0:00:01"]
[Board "20"]

1. d4 d5 2. Nf3 Nf6 3. c4 e6 4. g3 c6 5. Bg2 dxc4 6. Ne5 Bb4+ 7. Nc3 Nd5 8. Bd2 b5 9. a4 Bxc3 10. bxc3 Bb7 11. e4 Nb6 12. Qg4 Kf8 13. Qh5 Qe8 14. a5 N6d7 15. Nxd7+ Nxd7 16. a6 Bc8 17. O-O Nf6 18. Qc5+ Kg8 19. f4 Bd7 20. h3 Qf8 21. Qe5 Ne8 22. d5 f6 23. Qd4 exd5 24. exd5 c5 25. Qf2 Rd8 26. Be3 Rc8 27. d6 Qxd6 28. Rad1 Qc7 29. Bb7 Bxh3 30. Bxc8 Qxc8 31. Rfe1 Kf7 32. Bxc5 Qxa6 33. Re7+ Kg6 34. Rxa7 Qc6 35. Kh2 Bg4 36. Re1 h5 37. Ree7 Qf3 38. Qxf3 Bxf3 39. Rad7 Bg4 40. Rd8 Kf5 41. Rdxe8 Rh6 42. Rxg7 h4 43. gxh4 Rxh4+ 44. Kg2 Rh3 45. Rxg4 Rxc3 46. Rg3 Rc2+ 47. Kf3 Rc3+ 48. Be3 b4 49. Rb8 b3 50. Rb5+ Ke6 51. f5+ Kd6 52. Ke4 Kc6 53. Rb6+ Kc7 54. Rg7+ Kc8 55. Rxf6 Rxe3+ 56. Kxe3 1-0


[Site "https://www.chess.com"]

[Event "Titled Tuesday Blitz June 27 Late 2023"]
[White "Korchmar, Vasiliy"]
[Black "Rasulov, Vugar"]
[WhiteFideId "24131750"]
[BlackFideId "13402390"]
[WhiteElo "2692"]
[BlackElo "2930"]
[Result "0-1"]
[Round "5"]
[TimeControl "180+2"]
[Date "2023.06.27"]
[WhiteClock "0:00:00"]
[BlackClock "0:00:53"]
[Board "21"]

1. e4 c5 2. d4 cxd4 3. Qxd4 Nc6 4. Qd3 Nf6 5. Nc3 g6 6. Nf3 Bg7 7. Be2 O-O 8. O-O d6 9. Nd5 Bg4 10. c3 Rc8 11. Bg5 Bxf3 12. Qxf3 Ne5 13. Qh3 Nxd5 14. exd5 Rc5 15. Rad1 a5 16. Rfe1 a4 17. f4 Nd7 18. Bg4 Nf6 19. Bf3 Qb6 20. Kh1 Qxb2 21. Rxe7 Rxc3 22. f5 Qxa2 23. fxg6 hxg6 24. Qh4 Rc4 25. Qg3 Qa3 26. Rxb7 Ne4 27. Bxe4 Qxg3 28. hxg3 Rxe4 29. Be7 Ra8 30. Bxd6 a3 31. Bxa3 Rxa3 32. Rb8+ Kh7 33. d6 Rxg3 34. d7 Rh4+ 35. Kg1 Bd4+ 36. Rxd4 Rxd4 37. d8=Q Rxd8 38. Rxd8 g5 39. Rd6 Kg7 40. Kf2 Rg4 41. Ra6 f6 42. Rb6 Rf4+ 43. Kg3 Kg6 44. Rb5 Kh5 45. Rb8 Rg4+ 46. Kf2 Ra4 47. Kg3 Ra3+ 48. Kf2 f5 49. Rb2 Kg4 50. Rc2 Ra4 51. Rb2 Kf4 52. g3+ Kg4 53. Kg2 Rc4 54. Ra2 Rc3 55. Ra4+ Kh5 56. Ra5 Rc2+ 57. Kf3 g4+ 58. Ke3 Kg5 59. Ra8 Rg2 60. Rg8+ Kf6 61. Rf8+ Kg6 62. Rg8+ Kf7 63. Rg5 Kf6 64. Rg8 Rxg3+ 0-1


[Site "https://www.chess.com"]

[Event "Titled Tuesday Blitz June 27 Late 2023"]
[White "Fernandez Guillen, Ernesto J."]
[Black "Xiong, Jeffery"]
[WhiteFideId "3512428"]
[BlackFideId "2047640"]
[WhiteElo "2687"]
[BlackElo "2925"]
[Result "1-0"]
[Round "5"]
[TimeControl "180+2"]
[Date "2023.06.27"]
[WhiteClock "0:00:31"]
[BlackClock "0:00:47"]
[Board "22"]

1. e4 e6 2. Nf3 d5 3. Nc3 Nf6 4. e5 Nfd7 5. d4 c5 6. Ne2 Nc6 7. c3 b5 8. h4 b4 9. Nf4 a5 10. Be2 Qb6 11. O-O Ba6 12. Be3 Be7 13. Rc1 Bxe2 14. Qxe2 c4 15. b3 cxb3 16. axb3 bxc3 17. Rxc3 O-O 18. Rfc1 Rfc8 19. Ng5 Nf8 20. Qh5 g6 21. Qh6 Na7 22. h5 Rxc3 23. Rxc3 Rc8 24. Nxh7 Nxh7 25. hxg6 fxg6 26. Qxg6+ Kh8 27. Rxc8+ Nxc8 28. Qe8+ Nf8 29. Ng6+ Kg8 30. Nxf8 Qd8 31. Qg6+ 1-0


[Site "https://www.chess.com"]

[Event "Titled Tuesday Blitz June 27 Late 2023"]
[White "Tari, Aryan"]
[Black "Gokerkan, Cem Kaan"]
[WhiteFideId "1510045"]
[BlackFideId "6336760"]
[WhiteElo "2922"]
[BlackElo "2686"]
[Result "0-1"]
[Round "5"]
[TimeControl "180+2"]
[Date "2023.06.27"]
[WhiteClock "0:00:14"]
[BlackClock "0:00:06"]
[Board "23"]

1. e4 e5 2. Nf3 Nf6 3. d3 Nc6 4. g3 d5 5. exd5 Qxd5 6. Bg2 Bg4 7. h3 Bxf3 8. Bxf3 Qa5+ 9. c3 Rd8 10. O-O Be7 11. Qe2 O-O 12. Nd2 Qa6 13. Nc4 Bd6 14. Bg5 b5 15. Bxf6 bxc4 16. Bxd8 cxd3 17. Qe4 Nxd8 18. Qd5 Kh8 19. Be4 f5 20. Bxd3 Qb6 21. b4 e4 22. Bc4 Bxg3 23. Rad1 Qg6 24. Kh1 Bd6 25. Rg1 Qh6 26. Kg2 Qh5 27. Qd2 Qf3+ 28. Kf1 Qxh3+ 29. Ke1 Nc6 30. Qg5 Qxc3+ 31. Rd2 Bxb4 32. Bd5 h6 33. Rh1 Qxd2+ 34. Qxd2 Bxd2+ 35. Kxd2 Rd8 36. Ke3 Rxd5 37. Rc1 Rd6 38. Kf4 g6 39. Rb1 Kg7 40. Rb7 Rd7 41. a4 Kf6 42. Ke3 g5 43. Rb5 Ne5 44. a5 Ng4+ 45. Ke2 h5 46. Rb8 h4 47. Rf8+ Ke5 48. Re8+ Kf4 49. Rh8 Ne5 50. a6 Nf3 51. Rh6 Rd2+ 52. Kf1 Rd1+ 53. Kg2 Rg1+ 0-1


[Site "https://www.chess.com"]

[Event "Titled Tuesday Blitz June 27 Late 2023"]
[White "Vetoshko, Volodymyr"]
[Black "Durarbayli, Vasif"]
[WhiteFideId "14122480"]
[BlackFideId "13402935"]
[WhiteElo "2680"]
[BlackElo "2920"]
[Result "0-1"]
[Round "5"]
[TimeControl "180+2"]
[Date "2023.06.27"]
[WhiteClock "0:00:00"]
[BlackClock "0:00:11"]
[Board "24"]

1. e4 c5 2. Nf3 d6 3. d4 cxd4 4. Nxd4 Nf6 5. Nc3 Nc6 6. Nb3 g6 7. Be2 Bg7 8. g4 O-O 9. g5 Nd7 10. Be3 a5 11. a3 a4 12. Nd4 Qa5 13. h4 Nc5 14. f3 Ne6 15. Nb5 Bd7 16. Qd2 Rfc8 17. Nd5 Bxb2 18. Rb1 Be5 19. Nb6 Rd8 20. Nxa8 Qxa8 21. f4 Bg7 22. f5 Nc5 23. f6 Nxe4 24. Qd5 Qa5+ 25. c3 Nxc3 26. Nxc3 Qxc3+ 27. Bd2 Qg3+ 28. Kd1 exf6 29. Rxb7 Ne5 30. gxf6 Bxf6 31. Qxd6 Qg2 32. Re1 Qxb7 33. Qxf6 Qb3+ 34. Kc1 Rc8+ 0-1


[Site "https://www.chess.com"]

[Event "Titled Tuesday Blitz June 27 Late 2023"]
[White "Harikrishnan.A.Ra"]
[Black "Muradli, Mahammad"]
[WhiteFideId "5081483"]
[BlackFideId "13409301"]
[WhiteElo "2680"]
[BlackElo "2909"]
[Result "1-0"]
[Round "5"]
[TimeControl "180+2"]
[Date "2023.06.27"]
[WhiteClock "0:00:03"]
[BlackClock "0:00:00"]
[Board "25"]

1. e4 c5 2. Nf3 b6 3. d4 cxd4 4. Nxd4 Bb7 5. Nc3 e6 6. Bd3 a6 7. O-O d6 8. Be3 Nf6 9. a4 Be7 10. f4 Nbd7 11. g4 Nc5 12. Qf3 Rc8 13. Rad1 Qc7 14. h4 h5 15. g5 Ng4 16. f5 O-O 17. Be2 d5 18. Qh3 Nxe3 19. Qxe3 e5 20. Ndb5 axb5 21. Nxb5 d4 22. Qf3 Bxe4 23. Qxh5 Qc6 24. Na7 Qd6 25. Nxc8 Rxc8 26. Bc4 Bd5 27. g6 Bf6 28. gxf7+ Kf8 29. Qh8+ Kxf7 30. Bxd5+ Qxd5 31. Qxc8 e4 32. Qc7+ Kg8 33. Rd2 d3 34. cxd3 Nxd3 35. Rg2 e3 36. Rxg7+ Bxg7 37. f6 Bxf6 38. Rxf6 e2 39. Qg3+ Kh7 40. Qg6+ 1-0


[Site "https://www.chess.com"]

[Event "Titled Tuesday Blitz June 27 Late 2023"]
[White "Dardha, Daniel"]
[Black "Cuenca Jimenez, Jose Fernando"]
[WhiteFideId "240990"]
[BlackFideId "2255570"]
[WhiteElo "2901"]
[BlackElo "2677"]
[Result "1/2-1/2"]
[Round "5"]
[TimeControl "180+2"]
[Date "2023.06.27"]
[WhiteClock "0:00:54"]
[BlackClock "0:00:48"]
[Board "26"]

1. e4 d6 2. d4 Nf6 3. Nc3 e5 4. dxe5 dxe5 5. Qxd8+ Kxd8 6. Bc4 Bb4 7. Bd2 Ke7 8. Nd5+ Nxd5 9. Bxd5 Bxd2+ 10. Kxd2 c6 11. Bb3 Be6 12. Ne2 Nd7 13. Ke3 Nc5 14. h4 a5 15. Bxe6 Kxe6 16. g3 h5 17. f4 f6 18. a3 a4 19. Rad1 Rad8 20. Rxd8 Rxd8 21. Rg1 Rh8 22. Nc1 Rd8 23. Nd3 Nxd3 24. cxd3 Rd7 25. Rc1 Kd6 26. d4 exd4+ 27. Kxd4 b5 28. Rc5 g6 29. e5+ Kc7+ 30. Ke3 f5 31. Rc2 Kb6 32. Rd2 Rxd2 33. Kxd2 c5 34. Kc3 Kc6 35. b3 axb3 36. Kxb3 Kd5 37. Kc3 Kc6 38. Kb2 c4 39. Kc2 Kd5 40. Kd2 Kc6 41. Ke2 Kd5 42. Kd1 Kc6 43. Kc1 Kd5 44. Kd2 Kc6 45. Kc3 Kc5 46. Kb2 Kd5 47. Kc2 Kc6 48. Kd2 Kd5 49. Ke2 Kc6 50. Kf2 Kd5 51. Ke3 Kc5 52. Kd2 Kc6 1/2-1/2


[Site "https://www.chess.com"]

[Event "Titled Tuesday Blitz June 27 Late 2023"]
[White "Suleymanli, Aydin"]
[Black "Alex_Sahakyan2006"]
[WhiteFideId "13413937"]
[WhiteElo "2901"]
[BlackElo "2676"]
[Result "1-0"]
[Round "5"]
[TimeControl "180+2"]
[Date "2023.06.27"]
[WhiteClock "0:00:06"]
[BlackClock "0:00:00"]
[Board "27"]

1. e4 e5 2. Nf3 Nc6 3. Bb5 a6 4. Ba4 d6 5. Nc3 Bd7 6. O-O g6 7. d4 Bg7 8. dxe5 Nxe5 9. Nxe5 dxe5 10. Bxd7+ Qxd7 11. Qf3 Ne7 12. Bg5 f6 13. Rfd1 Qe6 14. Be3 O-O 15. Bc5 Rfd8 16. Bxe7 Qxe7 17. Nd5 Qf7 18. a4 Rd6 19. Rd3 Rad8 20. Rad1 b5 21. a5 Bf8 22. c3 c6 23. Nb6 Qb3 24. Rxd6 Rxd6 25. Rxd6 Bxd6 26. h4 Kg7 27. Qd3 Bc5 28. Nd7 Be7 29. Nb8 Qxb2 30. Nxc6 Qc1+ 31. Kh2 Bc5 32. Qf3 Qd2 33. Kg3 Qd6 34. Nb4 Bxb4 35. cxb4 Qxb4 36. Qg4 f5 37. Qg5 f4+ 38. Kh3 Qd6 39. Qg4 b4 40. Qc8 Kf6 41. Qb7 Qe6+ 42. Kh2 Qd6 43. h5 gxh5 44. Qxh7 Ke6 45. Qf5+ Ke7 46. Qxh5 Kd7 47. Qh7+ Kc6 48. Qf7 Kb5 49. g3 fxg3+ 50. fxg3 Kxa5 51. g4 Kb5 52. g5 Qd2+ 53. Kh3 Qe3+ 54. Kh4 Qxe4+ 55. Kh5 Qh1+ 56. Kg6 Qe4+ 57. Kh6 Qh4+ 58. Kg6 e4 59. Qd5+ Kb6 60. Kg7 e3 61. Qe6+ Ka5 62. Qxe3 Ka4 63. g6 b3 64. Qb6 1-0


[Site "https://www.chess.com"]

[Event "Titled Tuesday Blitz June 27 Late 2023"]
[White "Rosen, Eric"]
[Black "Zhigalko, Sergei"]
[WhiteFideId "2032562"]
[BlackFideId "13502956"]
[WhiteElo "2676"]
[BlackElo "2892"]
[Result "0-1"]
[Round "5"]
[TimeControl "180+2"]
[Date "2023.06.27"]
[WhiteClock "0:00:01"]
[BlackClock "0:00:04"]
[Board "28"]

1. d4 Nf6 2. Bf4 e6 3. e3 Be7 4. Nd2 O-O 5. Bd3 b6 6. Qf3 Nc6 7. h4 Bb7 8. h5 d6 9. O-O-O Rb8 10. Qg3 Kh8 11. h6 g6 12. Ngf3 Nb4 13. Kb1 Nxd3 14. cxd3 Nd5 15. e4 Nxf4 16. Qxf4 c5 17. Qe3 a5 18. Rc1 a4 19. g4 Qd7 20. g5 Ba6 21. Ne1 cxd4 22. Qxd4+ e5 23. Qe3 f5 24. f4 Kg8 25. Rg1 a3 26. b3 fxe4 27. fxe5 dxe5 28. Nxe4 Rbd8 29. Rg3 Qe6 30. Nc2 Rf4 31. Nxa3 Bxa3 32. Rc7 Bxd3+ 33. Qxd3 Rxd3 34. Rxd3 Bf8 35. Rd8 Qf5 36. Rg7+ Kh8 37. Kb2 Qxe4 38. a4 Qe2+ 39. Kc3 Qe3+ 40. Kb2 Rf2+ 41. Rd2 Qxd2+ 42. Kb1 Qe1# 0-1


[Site "https://www.chess.com"]

[Event "Titled Tuesday Blitz June 27 Late 2023"]
[White "Ibarra Jerez, Jose Carlos"]
[Black "Stoleriu, George"]
[WhiteFideId "2226332"]
[BlackFideId "1227505"]
[WhiteElo "2890"]
[BlackElo "2671"]
[Result "1-0"]
[Round "5"]
[TimeControl "180+2"]
[Date "2023.06.27"]
[WhiteClock "0:00:56"]
[BlackClock "0:00:00"]
[Board "29"]

1. e4 c6 2. Nf3 d5 3. d3 dxe4 4. dxe4 Qxd1+ 5. Kxd1 g6 6. Ne5 Bg7 7. Nd3 Nf6 8. f3 Nfd7 9. Bf4 Na6 10. c3 Nac5 11. Nf2 a5 12. Kc2 Ne6 13. Be3 b6 14. a4 Ba6 15. Bxa6 Rxa6 16. Na3 Kd8 17. Rhd1 Kc7 18. Nc4 Ne5 19. Nd2 g5 20. g3 h5 21. f4 gxf4 22. gxf4 Ng4 23. Nxg4 hxg4 24. f5 Nc5 25. Rg1 Be5 26. Bxc5 bxc5 27. Nc4 Rxh2+ 28. Kb3 f6 29. Rxg4 Ra8 30. Rg7 Rb8+ 31. Ka3 Bd6 32. Rd1 Re2 33. b3 Rd8 34. Nxd6 Rxd6 35. Rxe7+ Kd8 36. Rxd6+ Kxe7 37. Rxc6 Rxe4 38. Rxc5 Re5 39. Rxe5+ fxe5 40. b4 e4 41. Kb3 1-0


[Site "https://www.chess.com"]

[Event "Titled Tuesday Blitz June 27 Late 2023"]
[White "Rustemov, Alexander"]
[Black "Manukyan, Sargis A."]
[WhiteFideId "4119002"]
[BlackFideId "13303970"]
[WhiteElo "2882"]
[BlackElo "2663"]
[Result "1-0"]
[Round "5"]
[TimeControl "180+2"]
[Date "2023.06.27"]
[WhiteClock "0:00:08"]
[BlackClock "0:00:06"]
[Board "30"]

1. d4 d5 2. c4 e6 3. Nc3 Nf6 4. cxd5 Nxd5 5. Nf3 c5 6. g3 Nc6 7. Bg2 cxd4 8. Nxd4 Nxd4 9. Qxd4 Nxc3 10. Qxc3 Qf6 11. Qb3 Qd4 12. O-O Qb4 13. Qc2 Qc5 14. Qe4 Be7 15. Be3 Qa5 16. Rfd1 O-O 17. a3 Bf6 18. Bd4 Bxd4 19. Qxd4 a6 20. Rac1 h6 21. Qc5 Qxc5 22. Rxc5 Rb8 23. Rc7 f6 24. Rd6 e5 25. Bd5+ Kh8 26. f3 b5 27. Kf2 a5 28. b3 a4 29. b4 Bf5 30. e4 Bg6 31. Rdd7 Rfc8 32. Rxg7 Rxc7 33. Rxc7 h5 34. Be6 Re8 35. Bd5 f5 36. Ke3 fxe4 37. Bxe4 Bxe4 38. Kxe4 Rd8 39. Rc3 Rd2 40. h3 Rb2 41. Kxe5 Rb3 42. Kd4 Rb2 43. h4 Kg7 44. Rc5 Rb3 45. Ke4 Rxa3 46. Rxh5 Ra1 47. Rxb5 a3 48. Ra5 a2 49. Kf4 Kf6 50. Ra6+ Ke7 51. g4 Kf7 52. h5 Ke7 53. h6 Kf7 54. g5 Kf8 55. Ra7 Rb1 56. Rxa2 Rxb4+ 57. Kf5 Rb5+ 58. Kg4 Kg8 59. Ra8+ Kh7 60. Ra7+ Kh8 61. g6 Rb8 62. f4 Rc8 63. f5 Rb8 64. Kg5 Rc8 65. Kf6 Rf8+ 66. Ke6 Re8+ 67. Re7 Ra8 68. f6 Ra6+ 69. Kf7 Ra7 70. g7+ Kh7 71. g8=Q+ Kxh6 72. Qg6# 1-0


[Site "https://www.chess.com"]

[Event "Titled Tuesday Blitz June 27 Late 2023"]
[White "Hansen, Eric"]
[Black "Camacho Collados, Marcos"]
[WhiteFideId "2606771"]
[BlackFideId "2266237"]
[WhiteElo "2876"]
[BlackElo "2661"]
[Result "1-0"]
[Round "5"]
[TimeControl "180+2"]
[Date "2023.06.27"]
[WhiteClock "0:01:11"]
[BlackClock "0:00:59"]
[Board "31"]

1. d4 Nf6 2. c4 e6 3. Nc3 Bb4 4. e3 O-O 5. Ne2 d6 6. a3 Bxc3+ 7. Nxc3 Nbd7 8. e4 e5 9. Be3 a5 10. f3 Re8 11. Be2 Nh5 12. O-O b6 13. Rf2 Bb7 14. Bf1 Nf4 15. b4 exd4 16. Bxd4 Qg5 17. Kh1 Re6 18. g3 Rg6 19. Nd5 Nh5 20. f4 Nxg3+ 21. hxg3 Qxg3 22. Rg2 Qh4+ 23. Rh2 Qg3 24. Rh3 Rh6 25. Rxh6 gxh6 26. Qd3 Qg6 27. Ne7+ 1-0


[Site "https://www.chess.com"]

[Event "Titled Tuesday Blitz June 27 Late 2023"]
[White "Papp, Levente"]
[Black "Miladinovic, Igor"]
[WhiteFideId "751243"]
[BlackFideId "4203380"]
[WhiteElo "2659"]
[BlackElo "2868"]
[Result "1-0"]
[Round "5"]
[TimeControl "180+2"]
[Date "2023.06.27"]
[WhiteClock "0:01:26"]
[BlackClock "0:00:34"]
[Board "32"]

1. b3 e5 2. Bb2 Nc6 3. c4 Nf6 4. Nc3 Bc5 5. g3 d5 6. cxd5 Nxd5 7. Bg2 Nxc3 8. Bxc3 O-O 9. d3 Nd4 10. Nf3 Qe7 11. O-O Bg4 12. Bxd4 exd4 13. Rc1 b6 14. Qd2 Rfe8 15. Qf4 Bxf3 16. Bxf3 Rad8 17. Rc4 a5 18. a3 b5 19. Rc2 g5 20. Qf5 Qe5 21. Rxc5 Qxf5 22. Rxf5 h6 23. Rxb5 1-0


[Site "https://www.chess.com"]

[Event "Titled Tuesday Blitz June 27 Late 2023"]
[White "Erdogmus, Yagiz Kaan"]
[Black "Ashraf, Artin"]
[WhiteFideId "44599790"]
[BlackFideId "22514805"]
[WhiteElo "2867"]
[BlackElo "2653"]
[Result "1-0"]
[Round "5"]
[TimeControl "180+2"]
[Date "2023.06.27"]
[WhiteClock "0:00:04"]
[BlackClock "0:00:00"]
[Board "33"]

1. e4 c5 2. Nf3 d6 3. d4 cxd4 4. Nxd4 Nf6 5. Nc3 a6 6. h3 e6 7. g4 b5 8. Bg2 Bb7 9. g5 Nfd7 10. O-O Nc5 11. Re1 b4 12. Nd5 Nbd7 13. Nxb4 Qb6 14. c3 Be7 15. Nbc2 O-O 16. a4 a5 17. h4 Ne5 18. Re2 Ba6 19. Nb5 Nxa4 20. Ncd4 Nc5 21. b4 axb4 22. cxb4 Ncd3 23. Be3 Bxb5 24. Nxe6 Qc6 25. Nxf8 Bxf8 26. Rxa8 Qxa8 27. Rd2 Nxb4 28. Rb2 Ned3 29. Rb1 d5 30. exd5 Qb8 31. Bf1 Bd6 32. Bxd3 Nxd3 33. Qb3 Qc8 34. Qxb5 Qg4+ 35. Kf1 Qxh4 36. Qxd3 Qh3+ 37. Ke2 Qg4+ 38. f3 Qg2+ 39. Bf2 Bc5 40. Rb8+ Bf8 41. Qa3 1-0


[Site "https://www.chess.com"]